Thunder vs Mustangs
Created - November 5, 2020 at 19:17
Goals
|
| Thunder |
1 |
1 |
5 |
7 |
| Mustangs |
1 |
0 |
2 |
3 |
|
Shots
|
| Thunder |
12 |
7 |
16 |
35 |
| Mustangs |
4 |
10 |
17 |
31 |
|
1st period
1. Thunder , Trevor Lewis 2 (Mike Hoffman 2, Roman Josi 7) at 9:30
2. Mustangs , Josh Jooris 5 (Henrik Samuelsson 5) at 16:54
Penalties :
No Penalty
2nd period
3. Thunder , Mike Hoffman 1 (Gianluca Curcuruto 1, Trevor Lewis 2) at 19:51
Penalties :
Jamie McGinn (TRO) for High sticking (Minor) at 6:28, Jesper Pettersson (TRO) for High sticking (Minor) at 13:24, Henrik Samuelsson (Ham) for High sticking (Minor) at 14:30
3rd period
4. Thunder , Colton Sceviour 2 (Mikko Vainonen 1, Dany Roussin 8) at 0:12
5. Thunder , Austin Poganski 1 (Mike Hoffman 3, Trevor Lewis 3) at 5:01
6. Mustangs , Melker Karlsson 5 (Scott Mayfield 5, Jonathan Drouin 5) at 5:55
7. Thunder , Angelo Esposito 3 (William Karlsson 7, Jesper Pettersson 1) at 7:46
8. Mustangs , Melker Karlsson 6 (Craig Smith 4, Jonathan Drouin 6) at 12:00 (PP)
9. Thunder , William Karlsson 5 (Dany Roussin 9, Gianluca Curcuruto 2) at 16:15
10. Thunder , Mike Hoffman 2 (Trevor Lewis 4) at 16:25
Penalties :
Emil Johansson (TRO) for Goalie Interference (Minor) at 11:01, Emil Johansson (TRO) for High sticking (Minor) at 14:04
Goalie Stats
Niklas Treutle (TRO), 28 saves from 31 shots - (0.903), W, 3-5-0, 60:00 minutes
Connor Hellebyuk (Ham), 28 saves from 35 shots - (0.800), L, 1-2-0, 60:00 minutes
Players Stats for Thunder
Player Name G A P +/- PIM S H SB GA TA FO MP PP MP PK MP
------------------------------------------------------------------------------------
Angelo Esposito 1 0 1 1 0 1 1 0 1 0 2/4 11:33 0:00 0:00
Artturi Lehkonen 0 0 0 0 0 2 1 0 0 1 1/1 10:47 0:00 0:00
Artur Gavrus 0 0 0 0 0 0 0 0 0 0 0/0 0:00 0:00 0:00
Austin Poganski 1 0 1 3 0 2 3 0 0 0 0/1 17:37 0:28 0:00
Colby Cave 0 0 0 0 0 0 0 0 0 0 0/0 0:00 0:00 0:00
Colton Sceviour 1 0 1 0 0 3 1 0 0 1 0/1 12:51 0:37 0:00
Dany Roussin 0 2 2 1 0 5 3 1 0 1 0/0 24:22 0:37 3:22
Emil Johansson 0 0 0 1 4 0 1 0 0 0 0/0 19:41 0:16 1:39
Gianluca Curcuruto 0 2 2 1 0 0 0 0 0 1 0/0 20:54 0:16 2:50
Jakob Lilja 0 0 0 0 0 0 0 0 0 0 0/0 5:58 0:00 1:00
Jamie McGinn 0 0 0 1 2 1 0 1 0 0 0/0 11:35 0:00 0:00
Jarrod Maidens 0 0 0 0 0 0 0 0 0 0 0/0 0:00 0:00 0:00
Jesper Pettersson 0 1 1 3 2 1 0 0 0 0 0/0 11:25 0:01 0:00
Jordan Weal 0 0 0 0 0 0 0 0 0 0 0/0 1:03 0:00 1:00
Mackenze Stewart 0 0 0 1 0 0 0 0 0 0 0/0 3:00 0:00 0:06
Mike Hoffman 2 2 4 3 0 4 1 0 0 1 0/0 19:44 0:29 1:41
Mikko Vainonen 0 1 1 1 0 1 0 3 0 0 0/0 26:01 0:50 3:13
Nikolay Prokhorkin 0 0 0 0 0 1 0 0 0 0 0/1 1:15 0:00 0:00
Roman Josi 0 1 1 1 0 2 1 2 0 2 0/0 27:09 0:50 3:13
Ryan Graves 0 0 0 3 0 1 0 1 0 1 0/0 12:00 0:00 1:05
Trevor Lewis 1 3 4 3 0 5 1 0 0 0 9/16 19:44 0:29 1:41
Vincent Dunn 0 0 0 0 0 0 0 0 0 0 0/0 0:00 0:00 0:00
William Karlsson 1 1 2 2 0 4 2 0 1 1 14/31 25:34 0:37 3:22
Zach Stepan 0 0 0 0 0 2 1 0 0 2 1/2 10:47 0:00 0:00
Players Stats for Mustangs
Player Name G A P +/- PIM S H SB GA TA FO MP PP MP PK MP
------------------------------------------------------------------------------------
Andrew O'Brien 0 0 0 -2 0 0 1 0 0 0 0/0 20:54 2:08 0:32
Anthony Beauvillier 0 0 0 -2 0 0 1 0 0 0 0/0 9:38 0:00 0:37
Antti Suomela 0 0 0 -2 0 1 3 0 0 0 1/2 11:44 0:00 0:16
Chrstian Dvorak 0 0 0 0 0 0 1 0 0 0 0/1 16:02 2:08 0:00
Craig Smith 0 1 1 -2 0 3 1 0 2 0 2/4 16:33 3:55 0:22
Curtis Hamilton 0 0 0 -2 0 2 1 0 1 0 0/0 11:49 0:00 0:21
Dakota Mermis 0 0 0 -1 0 1 0 0 0 0 0/0 12:53 0:00 0:00
Danny Biega 0 0 0 -1 0 0 1 1 0 0 0/0 12:53 0:00 0:00
Denis Malgin 0 0 0 -2 0 0 1 1 1 0 3/6 9:01 0:00 0:00
Henrik Samuelsson 0 1 1 0 2 2 2 0 2 1 5/8 16:12 2:07 0:00
Jonathan Drouin 0 2 2 -1 0 5 1 1 0 0 2/3 21:19 3:55 0:00
Jordan Schmaltz 0 0 0 -2 0 3 1 1 0 0 0/0 26:13 3:55 0:34
Josh Jooris 1 0 1 0 0 3 3 0 1 0 0/4 17:12 2:08 0:22
Mark Stone 0 0 0 -1 0 2 1 0 1 0 0/1 17:47 0:00 0:07
Max Gortz 0 0 0 -2 0 2 2 0 0 1 0/0 9:01 0:00 0:00
Melker Karlsson 2 0 2 -1 0 6 1 0 2 0 17/28 21:42 3:55 0:07
Scott Mayfield 0 1 1 -2 0 0 2 0 0 0 0/0 26:13 3:55 0:34
Will Butcher 0 0 0 -2 0 1 0 1 1 0 0/0 20:54 2:08 0:32
3 Stars
1 - Mike Hoffman (TRO)
2 - Trevor Lewis (TRO)
3 - William Karlsson (TRO)
Power Play
Thunder - 0 on 1 Attempt(s) - 0.00%
Mustangs - 1 on 4 Attempt(s) - 25.00%
Penalty Kill
Thunder - 3 on 4 Attempt(s) - 75.00%
- Score 0 goal in Penalty Kill
Mustangs - 1 on 1 Attempt(s) - 100.00%
- Score 0 goal in Penalty Kill
Team Stat
Thunder - Hits : 16 - Faceoff Wins : 27 - Blocked Shots : 8 - Penalty Minutes : 8
Mustangs - Hits : 23 - Faceoff Wins : 30 - Blocked Shots : 5 - Penalty Minutes : 2
Official
Referees : Unknown
Linesman : Unknown
Game Notes
No Game Note
Finance
Level 1 -- Attendance: 1377 (68.85%) -- Ticket Income $55,080
Level 2 -- Attendance: 722 (72.20%) -- Ticket Income $14,440
Total Attendance: 2099 (69.97%)
Total Ticket Income: $69,520
Other Income: $3,476
Total Income: $72,996
Thunder
5 vs 5 Forward
Center Left Wing Right Wing Time % Phy DF OF
1 William Karlsson Dany Roussin Colton Sceviour 40 1 2 2
2 Trevor Lewis Mike Hoffman Austin Poganski 30 1 2 2
3 Angelo Esposito Jamie McGinn William Karlsson 20 1 2 2
4 Zach Stepan Artturi Lehkonen Dany Roussin 10 1 2 2
5 vs 5 Defense
Defense Defense Time % Phy DF OF
1 Roman Josi Mikko Vainonen 40 1 2 2
2 Gianluca Curcuruto Emil Johansson 30 1 2 2
3 Jesper Pettersson Ryan Graves 20 1 2 2
4 Mackenze Stewart Roman Josi 10 1 2 2
PowerPlay Forward
Center Left Wing Right Wing Time % Phy DF OF
1 William Karlsson Dany Roussin Colton Sceviour 60 1 2 2
2 Trevor Lewis Mike Hoffman Austin Poganski 40 1 2 2
PowerPlay Defense
Defense Defense Time % Phy DF OF
1 Roman Josi Mikko Vainonen 60 1 2 2
2 Gianluca Curcuruto Emil Johansson 40 1 2 2
Penalty Kill 4 Players Forward
Center Wing Time % Phy DF OF
1 William Karlsson Dany Roussin 60 1 2 2
2 Trevor Lewis Mike Hoffman 40 1 2 2
Penalty Kill 4 Players Defense
Defense Defense Time % Phy DF OF
1 Roman Josi Mikko Vainonen 60 1 2 2
2 Gianluca Curcuruto Emil Johansson 40 1 2 2
Penalty Kill - 3 Players Forward
Forward Time % Phy DF OF
1 William Karlsson 60 1 2 2
2 Dany Roussin 40 1 2 2
Penalty Kill - 3 Players Defense
Defense Defense Time % Phy DF OF
1 Roman Josi Mikko Vainonen 60 1 2 2
2 Gianluca Curcuruto Emil Johansson 40 1 2 2
4 vs 4 Forward
Center Wing Time % Phy DF OF
1 William Karlsson Dany Roussin 60 1 2 2
2 Trevor Lewis Mike Hoffman 40 1 2 2
4 vs 4 Defense
Defense Defense Time % Phy DF OF
1 Roman Josi Mikko Vainonen 60 1 2 2
2 Gianluca Curcuruto Emil Johansson 40 1 2 2
Last Minutes Offensive
Center Left Wing Right Wing Defense Defense
William Karlsson Dany Roussin Colton Sceviour Roman Josi Mikko Vainonen
Last Minutes Defensive
Center Left Wing Right Wing Defense Defense
William Karlsson Dany Roussin Colton Sceviour Roman Josi Mikko Vainonen
Goaltenders
Starting : Niklas Treutle
Backup : Sergei Kostenko
Extra Forwards
Normal : Jakob Lilja, Nikolay Prokhorkin, Jordan Weal - PP : Jakob Lilja, Nikolay Prokhorkin - PK : Jordan Weal
Extra Defensemen
Normal : Jesper Pettersson, Ryan Graves, Mackenze Stewart - PP : Jesper Pettersson - PK : Ryan Graves, Mackenze Stewart
Penalty Shots
William Karlsson, Dany Roussin, Trevor Lewis, Mike Hoffman, Jamie McGinn
Scratches
None
Mustangs
5 vs 5 Forward
Center Left Wing Right Wing Time % Phy DF OF
1 Melker Karlsson Jonathan Drouin Mark Stone 40 1 2 2
2 Henrik Samuelsson Chrstian Dvorak Josh Jooris 30 1 2 2
3 Antti Suomela Curtis Hamilton Craig Smith 20 1 2 2
4 Denis Malgin Anthony Beauvillier Max Gortz 10 1 2 2
5 vs 5 Defense
Defense Defense Time % Phy DF OF
1 Scott Mayfield Jordan Schmaltz 40 1 2 2
2 Will Butcher Andrew O'Brien 30 1 2 2
3 Danny Biega Dakota Mermis 20 1 2 2
4 Scott Mayfield Jordan Schmaltz 10 1 2 2
PowerPlay Forward
Center Left Wing Right Wing Time % Phy DF OF
1 Melker Karlsson Jonathan Drouin Craig Smith 60 1 2 2
2 Henrik Samuelsson Chrstian Dvorak Josh Jooris 40 1 2 2
PowerPlay Defense
Defense Defense Time % Phy DF OF
1 Scott Mayfield Jordan Schmaltz 60 1 2 2
2 Will Butcher Andrew O'Brien 40 1 2 2
Penalty Kill 4 Players Forward
Center Wing Time % Phy DF OF
1 Craig Smith Josh Jooris 60 1 2 2
2 Melker Karlsson Mark Stone 40 1 2 2
Penalty Kill 4 Players Defense
Defense Defense Time % Phy DF OF
1 Scott Mayfield Jordan Schmaltz 60 1 2 2
2 Will Butcher Andrew O'Brien 40 1 2 2
Penalty Kill - 3 Players Forward
Forward Time % Phy DF OF
1 Craig Smith 60 1 2 2
2 Josh Jooris 40 1 2 2
Penalty Kill - 3 Players Defense
Defense Defense Time % Phy DF OF
1 Scott Mayfield Jordan Schmaltz 60 1 2 2
2 Will Butcher Andrew O'Brien 40 1 2 2
4 vs 4 Forward
Center Wing Time % Phy DF OF
1 Craig Smith Josh Jooris 60 1 2 2
2 Melker Karlsson Mark Stone 40 1 2 2
4 vs 4 Defense
Defense Defense Time % Phy DF OF
1 Scott Mayfield Jordan Schmaltz 60 1 2 2
2 Will Butcher Andrew O'Brien 40 1 2 2
Last Minutes Offensive
Center Left Wing Right Wing Defense Defense
Melker Karlsson Jonathan Drouin Craig Smith Scott Mayfield Jordan Schmaltz
Last Minutes Defensive
Center Left Wing Right Wing Defense Defense
Melker Karlsson Jonathan Drouin Craig Smith Scott Mayfield Jordan Schmaltz
Goaltenders
Starting : Connor Hellebyuk
Backup : Anthony Stolarz
Extra Forwards
Normal : Max Gortz, Curtis Hamilton, Anthony Beauvillier - PP : Max Gortz, Curtis Hamilton - PK : Anthony Beauvillier
Extra Defensemen
Normal : Danny Biega, Dakota Mermis, Will Butcher - PP : Danny Biega - PK : Dakota Mermis, Will Butcher
Penalty Shots
Craig Smith, Josh Jooris, Melker Karlsson, Mark Stone, Jonathan Drouin
Scratches
Matthew Finn (Healthy), Raphael Bussieres (Healthy), Sam Kurker (Healthy), Nick Schmaltz (Healthy), Iven Barbashev (Left Foot Injury)
Josh Ho-Sang (Healthy), Brett Pollock (Healthy), Steven Spinner (Healthy), Jason Missiaen (Healthy)
% Time on Ice - Thunder
Lines # - Real PCT - Wanted PCT - Time Play
Normal Forward
1 - 24% - 40% - 12:29
2 - 33% - 30% - 17:09
3 - 22% - 20% - 11:33
4 - 21% - 10% - 10:47
Normal Defense
1 - 39% - 40% - 20:28
2 - 33% - 30% - 17:23
3 - 22% - 20% - 11:25
4 - 5% - 10% - 2:42
PP Forward
1 - 56% - 60% - 0:37
2 - 44% - 40% - 0:29
PP Defense
1 - 76% - 60% - 0:50
2 - 24% - 40% - 0:16
PK Forward
1 - 72% - 60% - 4:22
2 - 28% - 40% - 1:41
PK Defense
1 - 53% - 60% - 3:13
2 - 47% - 40% - 2:50
PK3 Forward
1 - 0% - 60%
2 - 0% - 40%
PK3 Defense
1 - 0% - 60%
2 - 0% - 40%
44 Forward
1 - 53% - 60% - 0:28
2 - 47% - 40% - 0:25
44 Defense
1 - 53% - 60% - 0:28
2 - 47% - 40% - 0:25
Last Minute Offensive - 0:00
Last Minute Defensive - 0:00
Total
Forward - 60:00
Defense - 60:00
|
% Time on Ice - Mustangs
Lines # - Real PCT - Wanted PCT - Time Play
Normal Forward
1 - 33% - 40% - 17:24
2 - 27% - 30% - 14:05
3 - 22% - 20% - 11:28
4 - 17% - 10% - 9:01
Normal Defense
1 - 37% - 40% - 19:16
2 - 34% - 30% - 17:55
3 - 25% - 20% - 12:53
4 - 4% - 10% - 1:54
PP Forward
1 - 65% - 60% - 3:55
2 - 35% - 40% - 2:08
PP Defense
1 - 65% - 60% - 3:55
2 - 35% - 40% - 2:08
PK Forward
1 - 89% - 60% - 0:59
2 - 11% - 40% - 0:07
PK Defense
1 - 52% - 60% - 0:34
2 - 48% - 40% - 0:32
PK3 Forward
1 - 0% - 60%
2 - 0% - 40%
PK3 Defense
1 - 0% - 60%
2 - 0% - 40%
44 Forward
1 - 91% - 60% - 0:48
2 - 9% - 40% - 0:05
44 Defense
1 - 64% - 60% - 0:34
2 - 36% - 40% - 0:19
Last Minute Offensive - 0:00
Last Minute Defensive - 0:00
Total
Forward - 60:00
Defense - 60:00
|
Play-by-Play
1st period
0:01 of 1st period - Melker Karlsson wins face-off versus William Karlsson in neutral zone.
0:47 of 1st period - Slapshot by Roman Josi.
0:47 of 1st period - Stopped by Connor Hellebyuk with a rebound.
0:49 of 1st period - Slapshot by Roman Josi.
0:49 of 1st period - Shot Blocked by Will Butcher.
1:21 of 1st period - Danny Biega is hit by Mike Hoffman and loses puck.
1:42 of 1st period - Ryan Graves is hit by Henrik Samuelsson and loses puck.
2:35 of 1st period - Gianluca Curcuruto is hit by Scott Mayfield and loses puck.
2:58 of 1st period - Henrik Samuelsson is hit by Austin Poganski and loses puck.
3:35 of 1st period - Trevor Lewis is hit by Max Gortz and loses puck.
4:54 of 1st period - Slapshot by Melker Karlsson.
4:54 of 1st period - Shot Blocked by Dany Roussin.
5:08 of 1st period - Emil Johansson is hit by Danny Biega and loses puck.
5:50 of 1st period - Slapshot by Curtis Hamilton.
5:50 of 1st period - Shot Misses the Net.
5:52 of 1st period - Slapshot by Dakota Mermis.
5:52 of 1st period - Deflect By Mark Stone.
5:52 of 1st period - Stopped by Niklas Treutle without a rebound.
5:53 of 1st period - Melker Karlsson wins face-off versus William Karlsson in Thunder zone.
6:22 of 1st period - Wrist shot by Trevor Lewis.
6:22 of 1st period - Stopped by Connor Hellebyuk with a rebound.
6:53 of 1st period - Roman Josi is hit by Anthony Beauvillier and loses puck.
7:02 of 1st period - Backhand shot by Max Gortz.
7:02 of 1st period - Stopped by Niklas Treutle without a rebound.
7:03 of 1st period - Melker Karlsson wins face-off versus Trevor Lewis in Thunder zone.
8:51 of 1st period - Snap shot by Mike Hoffman.
8:51 of 1st period - Shot Misses the Net.
9:30 of 1st period - Slapshot by Trevor Lewis.
9:30 of 1st period - Deflect By Melker Karlsson.
9:30 of 1st period - Goal by Trevor Lewis - Thunder : 1 - Mustangs : 0.
9:31 of 1st period - William Karlsson wins face-off versus Melker Karlsson in neutral zone.
9:34 of 1st period - Melker Karlsson is hit by Emil Johansson and loses puck.
9:57 of 1st period - Henrik Samuelsson is hit by Angelo Esposito and loses puck.
10:17 of 1st period - Backhand shot by Dany Roussin.
10:17 of 1st period - Stopped by Connor Hellebyuk with a rebound.
11:23 of 1st period - Wrist shot by Curtis Hamilton.
11:23 of 1st period - Shot Misses the Net.
11:41 of 1st period - Snap shot by Nikolay Prokhorkin.
11:41 of 1st period - Stopped by Connor Hellebyuk with a rebound.
12:19 of 1st period - Snap shot by Curtis Hamilton.
12:19 of 1st period - Shot Misses the Net.
12:52 of 1st period - Jesper Pettersson is hit by Jonathan Drouin.
13:25 of 1st period - Curtis Hamilton is hit by Austin Poganski and loses puck.
13:41 of 1st period - Icing by Zach Stepan.
13:42 of 1st period - Zach Stepan wins face-off versus Melker Karlsson in Thunder zone.
14:09 of 1st period - Snap shot by Artturi Lehkonen.
14:09 of 1st period - Stopped by Connor Hellebyuk without a rebound.
14:10 of 1st period - Trevor Lewis wins face-off versus Henrik Samuelsson in Mustangs zone.
14:19 of 1st period - Slapshot by Trevor Lewis.
14:19 of 1st period - Stopped by Connor Hellebyuk without a rebound.
14:20 of 1st period - Melker Karlsson wins face-off versus William Karlsson in Mustangs zone.
14:29 of 1st period - Snap shot by Melker Karlsson.
14:29 of 1st period - Shot Misses the Net.
14:31 of 1st period - Slapshot by Danny Biega.
14:31 of 1st period - Shot Misses the Net.
14:33 of 1st period - Slapshot by Mark Stone.
14:33 of 1st period - Shot Misses the Net.
15:12 of 1st period - Off-side.
15:13 of 1st period - Melker Karlsson wins face-off versus William Karlsson in neutral zone.
15:40 of 1st period - Mike Hoffman is hit by Chrstian Dvorak and loses puck.
16:26 of 1st period - Icing by Angelo Esposito.
16:27 of 1st period - Angelo Esposito wins face-off versus Melker Karlsson in Thunder zone.
16:48 of 1st period - Slapshot by Jordan Schmaltz.
16:48 of 1st period - Stopped by Niklas Treutle without a rebound.
16:49 of 1st period - Henrik Samuelsson wins face-off versus Austin Poganski in Thunder zone.
16:54 of 1st period - Wrist shot by Josh Jooris.
16:54 of 1st period - Goal by Josh Jooris - Thunder : 1 - Mustangs : 1.
16:55 of 1st period - William Karlsson wins face-off versus Melker Karlsson in neutral zone.
17:10 of 1st period - Snap shot by Dany Roussin.
17:10 of 1st period - Stopped by Connor Hellebyuk without a rebound.
17:11 of 1st period - William Karlsson wins face-off versus Josh Jooris in Mustangs zone.
18:22 of 1st period - Wrist shot by Curtis Hamilton.
18:22 of 1st period - Shot Misses the Net.
19:09 of 1st period - Slapshot by Dany Roussin.
19:09 of 1st period - Stopped by Connor Hellebyuk with a rebound.
19:25 of 1st period - Wrist shot by Zach Stepan.
19:25 of 1st period - Stopped by Connor Hellebyuk with a rebound.
19:27 of 1st period - Wrist shot by Dany Roussin.
19:27 of 1st period - Shot Misses the Net.
19:29 of 1st period - Snap shot by Dany Roussin.
19:29 of 1st period - Shot Misses the Net.
19:31 of 1st period - Wrist shot by Zach Stepan.
19:31 of 1st period - Stopped by Connor Hellebyuk without a rebound.
19:32 of 1st period - Trevor Lewis wins face-off versus Melker Karlsson in Mustangs zone.
19:45 of 1st period - Wrist shot by Trevor Lewis.
19:45 of 1st period - Stopped by Connor Hellebyuk with a rebound.
19:47 of 1st period - Slapshot by Ryan Graves.
19:47 of 1st period - Shot Blocked by Jordan Schmaltz.
Goals for this period are 1 for Thunder vs 1 for Mustangs.
Shots for this period are 12 for Thunder vs 4 for Mustangs.
2nd period
0:01 of 2nd period - Melker Karlsson wins face-off versus William Karlsson in neutral zone.
0:14 of 2nd period - Snap shot by Melker Karlsson.
0:14 of 2nd period - Stopped by Niklas Treutle with a rebound.
0:47 of 2nd period - Slapshot by Max Gortz.
0:47 of 2nd period - Stopped by Niklas Treutle without a rebound.
0:48 of 2nd period - Angelo Esposito wins face-off versus Denis Malgin in Thunder zone.
0:48 of 2nd period - Angelo Esposito is hit by Max Gortz.
1:09 of 2nd period - Off-side.
1:10 of 2nd period - Melker Karlsson wins face-off versus Trevor Lewis in neutral zone.
1:25 of 2nd period - Wrist shot by Jonathan Drouin.
1:25 of 2nd period - Stopped by Niklas Treutle with a rebound.
1:35 of 2nd period - Austin Poganski is hit by Craig Smith and loses puck.
1:48 of 2nd period - Slapshot by Craig Smith.
1:48 of 2nd period - Stopped by Niklas Treutle without a rebound.
1:49 of 2nd period - Melker Karlsson wins face-off versus William Karlsson in Thunder zone.
1:56 of 2nd period - Snap shot by Melker Karlsson.
1:56 of 2nd period - Shot Misses the Net.
2:14 of 2nd period - Josh Jooris is hit by William Karlsson and loses puck.
2:31 of 2nd period - Emil Johansson is hit by Denis Malgin and loses puck.
2:44 of 2nd period - Austin Poganski is hit by Antti Suomela and loses puck.
3:17 of 2nd period - Slapshot by Melker Karlsson.
3:17 of 2nd period - Shot Misses the Net.
3:19 of 2nd period - Wrist shot by Jonathan Drouin.
3:19 of 2nd period - Shot Blocked by Jamie McGinn.
3:29 of 2nd period - Wrist shot by Dany Roussin.
3:29 of 2nd period - Shot Hit the Post.
3:37 of 2nd period - Dany Roussin is hit by Jordan Schmaltz and loses puck.
4:21 of 2nd period - Snap shot by Jamie McGinn.
4:21 of 2nd period - Deflect By Will Butcher.
4:21 of 2nd period - Shot Misses the Net.
4:21 of 2nd period - Puck is out of play.
4:22 of 2nd period - William Karlsson wins face-off versus Denis Malgin in Mustangs zone.
5:10 of 2nd period - William Karlsson is hit by Josh Jooris and loses puck.
5:45 of 2nd period - Off-side.
5:46 of 2nd period - Artturi Lehkonen wins face-off versus Jonathan Drouin in neutral zone.
5:49 of 2nd period - Mark Stone is hit by Artturi Lehkonen and loses puck.
5:54 of 2nd period - Wrist shot by Artturi Lehkonen.
5:54 of 2nd period - Deflect By Melker Karlsson.
5:54 of 2nd period - Stopped by Connor Hellebyuk with a rebound.
6:22 of 2nd period - Icing by Gianluca Curcuruto.
6:23 of 2nd period - Melker Karlsson wins face-off versus Angelo Esposito in Thunder zone.
6:26 of 2nd period - Snap shot by Melker Karlsson.
6:26 of 2nd period - Stopped by Niklas Treutle with a rebound.
6:28 of 2nd period - Minor Penalty to Jamie McGinn for High sticking.
6:29 of 2nd period - William Karlsson wins face-off versus Melker Karlsson in Thunder zone.
6:44 of 2nd period - Slapshot by Jonathan Drouin.
6:44 of 2nd period - Stopped by Niklas Treutle without a rebound.
6:45 of 2nd period - Melker Karlsson wins face-off versus William Karlsson in Thunder zone.
6:50 of 2nd period - Slapshot by Jonathan Drouin.
6:50 of 2nd period - Stopped by Niklas Treutle without a rebound.
6:51 of 2nd period - William Karlsson wins face-off versus Craig Smith in Thunder zone.
8:28 of 2nd period - Penalty to Jamie McGinn is over, Jamie McGinn is back on ice.
8:52 of 2nd period - Ryan Graves is hit by Curtis Hamilton and loses puck.
9:24 of 2nd period - Snap shot by Anthony Beauvillier.
9:24 of 2nd period - Shot Misses the Net.
9:50 of 2nd period - William Karlsson is hit by Antti Suomela and loses puck.
10:30 of 2nd period - Off-side.
10:31 of 2nd period - Denis Malgin wins face-off versus Nikolay Prokhorkin in neutral zone.
10:46 of 2nd period - Backhand shot by Colton Sceviour.
10:46 of 2nd period - Stopped by Connor Hellebyuk with a rebound.
10:49 of 2nd period - Icing by Andrew O'Brien.
10:50 of 2nd period - Denis Malgin wins face-off versus William Karlsson in Mustangs zone.
11:15 of 2nd period - Snap shot by Jonathan Drouin.
11:15 of 2nd period - Shot Misses the Net.
11:53 of 2nd period - Angelo Esposito is hit by Antti Suomela and loses puck.
12:02 of 2nd period - Snap shot by Curtis Hamilton.
12:02 of 2nd period - Stopped by Niklas Treutle with a rebound.
12:12 of 2nd period - Mark Stone is hit by Dany Roussin and loses puck.
12:39 of 2nd period - Wrist shot by Trevor Lewis.
12:39 of 2nd period - Shot Misses the Net.
12:41 of 2nd period - Wrist shot by Austin Poganski.
12:41 of 2nd period - Stopped by Connor Hellebyuk without a rebound.
12:42 of 2nd period - Henrik Samuelsson wins face-off versus Trevor Lewis in Mustangs zone.
12:55 of 2nd period - Slapshot by Trevor Lewis.
12:55 of 2nd period - Shot Misses the Net.
13:07 of 2nd period - Scott Mayfield is hit by Dany Roussin and loses puck.
13:24 of 2nd period - Minor Penalty to Jesper Pettersson for High sticking.
13:25 of 2nd period - William Karlsson wins face-off versus Melker Karlsson in Thunder zone.
13:36 of 2nd period - Slapshot by William Karlsson.
13:36 of 2nd period - Shot Misses the Net.
13:38 of 2nd period - Wrist shot by Gianluca Curcuruto.
13:38 of 2nd period - Shot Misses the Net.
13:40 of 2nd period - Snap shot by Dany Roussin.
13:40 of 2nd period - Shot Misses the Net.
13:58 of 2nd period - Snap shot by Henrik Samuelsson.
13:58 of 2nd period - Stopped by Niklas Treutle with a rebound.
14:00 of 2nd period - Snap shot by Henrik Samuelsson.
14:00 of 2nd period - Shot Misses the Net.
14:15 of 2nd period - Jonathan Drouin is hit by Dany Roussin and loses puck.
14:28 of 2nd period - Wrist shot by Mike Hoffman.
14:28 of 2nd period - Shot Misses the Net.
14:30 of 2nd period - Minor Penalty to Henrik Samuelsson for High sticking.
14:31 of 2nd period - William Karlsson wins face-off versus Craig Smith in Mustangs zone.
15:04 of 2nd period - Snap shot by Mikko Vainonen.
15:04 of 2nd period - Stopped by Connor Hellebyuk without a rebound.
15:05 of 2nd period - Trevor Lewis wins face-off versus Josh Jooris in Mustangs zone.
15:08 of 2nd period - Wrist shot by Mike Hoffman.
15:08 of 2nd period - Shot Misses the Net.
15:14 of 2nd period - Andrew O'Brien is hit by Trevor Lewis and loses puck.
15:24 of 2nd period - Penalty to Jesper Pettersson is over, Jesper Pettersson is back on ice.
16:05 of 2nd period - Trevor Lewis is hit by Scott Mayfield and loses puck.
16:18 of 2nd period - Dany Roussin is hit by Andrew O'Brien and loses puck.
16:30 of 2nd period - Penalty to Henrik Samuelsson is over, Henrik Samuelsson is back on ice.
16:31 of 2nd period - William Karlsson is hit by Mark Stone and loses puck.
16:50 of 2nd period - Slapshot by Jesper Pettersson.
16:50 of 2nd period - Shot Blocked by Denis Malgin.
17:58 of 2nd period - Wrist shot by Josh Jooris.
17:58 of 2nd period - Stopped by Niklas Treutle with a rebound.
18:13 of 2nd period - Jordan Schmaltz is hit by Colton Sceviour and loses puck.
18:36 of 2nd period - Roman Josi is hit by Josh Jooris and loses puck.
19:37 of 2nd period - Icing by Max Gortz.
19:38 of 2nd period - Trevor Lewis wins face-off versus Denis Malgin in Mustangs zone.
19:43 of 2nd period - Snap shot by Mike Hoffman.
19:43 of 2nd period - Stopped by Connor Hellebyuk with a rebound.
19:45 of 2nd period - Slapshot by Gianluca Curcuruto.
19:45 of 2nd period - Shot Misses the Net.
19:47 of 2nd period - Snap shot by Trevor Lewis.
19:47 of 2nd period - Stopped by Connor Hellebyuk with a rebound.
19:49 of 2nd period - Slapshot by Trevor Lewis.
19:49 of 2nd period - Shot Blocked by Danny Biega.
19:51 of 2nd period - Slapshot by Gianluca Curcuruto.
19:51 of 2nd period - Deflect By Mike Hoffman.
19:51 of 2nd period - Goal by Mike Hoffman - Thunder : 2 - Mustangs : 1.
19:52 of 2nd period - Melker Karlsson wins face-off versus William Karlsson in neutral zone.
Goals for this period are 1 for Thunder vs 0 for Mustangs.
Shots for this period are 7 for Thunder vs 10 for Mustangs.
3rd period
0:01 of 3rd period - William Karlsson wins face-off versus Mark Stone in neutral zone.
0:06 of 3rd period - Slapshot by Mikko Vainonen.
0:06 of 3rd period - Shot Blocked by Jonathan Drouin.
0:08 of 3rd period - Snap shot by Colton Sceviour.
0:08 of 3rd period - Shot Misses the Net.
0:10 of 3rd period - Wrist shot by Dany Roussin.
0:10 of 3rd period - Stopped by Connor Hellebyuk with a rebound.
0:12 of 3rd period - Snap shot by Mikko Vainonen.
0:12 of 3rd period - Deflect By Colton Sceviour.
0:12 of 3rd period - Goal by Colton Sceviour - Thunder : 3 - Mustangs : 1.
0:13 of 3rd period - Melker Karlsson wins face-off versus William Karlsson in neutral zone.
1:57 of 3rd period - Snap shot by Henrik Samuelsson.
1:57 of 3rd period - Shot Misses the Net.
1:59 of 3rd period - Slapshot by Dakota Mermis.
1:59 of 3rd period - Deflect By Artturi Lehkonen.
1:59 of 3rd period - Stopped by Niklas Treutle without a rebound.
2:00 of 3rd period - Henrik Samuelsson wins face-off versus Zach Stepan in Thunder zone.
2:23 of 3rd period - Backhand shot by Mark Stone.
2:23 of 3rd period - Shot Blocked by Mikko Vainonen.
2:25 of 3rd period - Snap shot by Jonathan Drouin.
2:25 of 3rd period - Shot Blocked by Mikko Vainonen.
2:27 of 3rd period - Slapshot by Will Butcher.
2:27 of 3rd period - Shot Blocked by Roman Josi.
2:29 of 3rd period - Slapshot by Will Butcher.
2:29 of 3rd period - Stopped by Niklas Treutle without a rebound.
2:30 of 3rd period - William Karlsson wins face-off versus Melker Karlsson in Thunder zone.
2:56 of 3rd period - Henrik Samuelsson is hit by Austin Poganski and loses puck.
3:07 of 3rd period - Slapshot by Mike Hoffman.
3:07 of 3rd period - Shot Misses the Net.
4:38 of 3rd period - Off-side.
4:39 of 3rd period - Craig Smith wins face-off versus Trevor Lewis in neutral zone.
4:44 of 3rd period - Slapshot by Jordan Schmaltz.
4:44 of 3rd period - Stopped by Niklas Treutle without a rebound.
4:45 of 3rd period - Trevor Lewis wins face-off versus Antti Suomela in Thunder zone.
4:59 of 3rd period - Backhand shot by Mike Hoffman.
4:59 of 3rd period - Shot Misses the Net.
5:01 of 3rd period - Snap shot by Austin Poganski.
5:01 of 3rd period - Goal by Austin Poganski - Thunder : 4 - Mustangs : 1.
5:02 of 3rd period - Melker Karlsson wins face-off versus William Karlsson in neutral zone.
5:07 of 3rd period - Snap shot by Melker Karlsson.
5:07 of 3rd period - Stopped by Niklas Treutle with a rebound.
5:09 of 3rd period - Wrist shot by Melker Karlsson.
5:09 of 3rd period - Shot Blocked by Mikko Vainonen.
5:11 of 3rd period - Snap shot by Jonathan Drouin.
5:11 of 3rd period - Stopped by Niklas Treutle without a rebound.
5:12 of 3rd period - Jonathan Drouin wins face-off versus William Karlsson in Thunder zone.
5:17 of 3rd period - Snap shot by Jonathan Drouin.
5:17 of 3rd period - Shot Blocked by Roman Josi.
5:19 of 3rd period - Snap shot by Jonathan Drouin.
5:19 of 3rd period - Shot Misses the Net.
5:51 of 3rd period - Snap shot by Melker Karlsson.
5:51 of 3rd period - Shot Misses the Net.
5:53 of 3rd period - Snap shot by Melker Karlsson.
5:53 of 3rd period - Stopped by Niklas Treutle with a rebound.
5:55 of 3rd period - Slapshot by Scott Mayfield.
5:55 of 3rd period - Deflect By Melker Karlsson.
5:55 of 3rd period - Goal by Melker Karlsson - Thunder : 4 - Mustangs : 2.
5:56 of 3rd period - Henrik Samuelsson wins face-off versus Trevor Lewis in neutral zone.
6:11 of 3rd period - Snap shot by Henrik Samuelsson.
6:11 of 3rd period - Stopped by Niklas Treutle without a rebound.
6:12 of 3rd period - Melker Karlsson wins face-off versus Colton Sceviour in Thunder zone.
6:41 of 3rd period - Off-side.
6:42 of 3rd period - Trevor Lewis wins face-off versus Josh Jooris in neutral zone.
6:47 of 3rd period - Snap shot by Mike Hoffman.
6:47 of 3rd period - Stopped by Connor Hellebyuk without a rebound.
6:48 of 3rd period - William Karlsson wins face-off versus Henrik Samuelsson in Mustangs zone.
6:54 of 3rd period - Off-side.
6:55 of 3rd period - Jonathan Drouin wins face-off versus William Karlsson in neutral zone.
7:42 of 3rd period - Snap shot by Angelo Esposito.
7:42 of 3rd period - Shot Misses the Net.
7:44 of 3rd period - Snap shot by Jesper Pettersson.
7:44 of 3rd period - Stopped by Connor Hellebyuk with a rebound.
7:46 of 3rd period - Wrist shot by William Karlsson.
7:46 of 3rd period - Deflect By Angelo Esposito.
7:46 of 3rd period - Goal by Angelo Esposito - Thunder : 5 - Mustangs : 2.
7:47 of 3rd period - Melker Karlsson wins face-off versus William Karlsson in neutral zone.
8:02 of 3rd period - Snap shot by Mark Stone.
8:02 of 3rd period - Stopped by Niklas Treutle without a rebound.
8:03 of 3rd period - William Karlsson wins face-off versus Josh Jooris in Thunder zone.
8:28 of 3rd period - Scott Mayfield is hit by Roman Josi and loses puck.
8:37 of 3rd period - Wrist shot by Jonathan Drouin.
8:37 of 3rd period - Stopped by Niklas Treutle without a rebound.
8:38 of 3rd period - Trevor Lewis wins face-off versus Henrik Samuelsson in Thunder zone.
8:50 of 3rd period - Snap shot by Josh Jooris.
8:50 of 3rd period - Stopped by Niklas Treutle with a rebound.
9:08 of 3rd period - Andrew O'Brien is hit by William Karlsson and loses puck.
9:30 of 3rd period - Snap shot by Craig Smith.
9:30 of 3rd period - Stopped by Niklas Treutle without a rebound.
9:31 of 3rd period - Antti Suomela wins face-off versus Angelo Esposito in Thunder zone.
9:44 of 3rd period - Wrist shot by Curtis Hamilton.
9:44 of 3rd period - Stopped by Niklas Treutle without a rebound.
9:45 of 3rd period - Melker Karlsson wins face-off versus Trevor Lewis in Thunder zone.
10:34 of 3rd period - Slapshot by Jordan Schmaltz.
10:34 of 3rd period - Stopped by Niklas Treutle with a rebound.
10:36 of 3rd period - Snap shot by Craig Smith.
10:36 of 3rd period - Stopped by Niklas Treutle with a rebound.
10:38 of 3rd period - Snap shot by Antti Suomela.
10:38 of 3rd period - Stopped by Niklas Treutle without a rebound.
10:39 of 3rd period - Trevor Lewis wins face-off versus Melker Karlsson in Thunder zone.
11:01 of 3rd period - Minor Penalty to Emil Johansson for Goalie Interference.
11:02 of 3rd period - Craig Smith wins face-off versus William Karlsson in Thunder zone.
11:15 of 3rd period - Wrist shot by Dany Roussin.
11:15 of 3rd period - Shot Misses the Net.
11:58 of 3rd period - Slapshot by Craig Smith.
11:58 of 3rd period - Shot Blocked by Ryan Graves.
12:00 of 3rd period - Wrist shot by Melker Karlsson.
12:00 of 3rd period - Goal by Melker Karlsson - Thunder : 5 - Mustangs : 3.
12:01 of 3rd period - William Karlsson wins face-off versus Chrstian Dvorak in neutral zone.
12:08 of 3rd period - Snap shot by William Karlsson.
12:08 of 3rd period - Stopped by Connor Hellebyuk with a rebound.
12:10 of 3rd period - Wrist shot by Roman Josi.
12:10 of 3rd period - Stopped by Connor Hellebyuk without a rebound.
12:11 of 3rd period - Henrik Samuelsson wins face-off versus William Karlsson in Mustangs zone.
12:20 of 3rd period - Wrist shot by Josh Jooris.
12:20 of 3rd period - Shot Misses the Net.
12:34 of 3rd period - Slapshot by William Karlsson.
12:34 of 3rd period - Stopped by Connor Hellebyuk with a rebound.
12:36 of 3rd period - Wrist shot by Dany Roussin.
12:36 of 3rd period - Shot Misses the Net.
12:40 of 3rd period - Slapshot by Dany Roussin.
12:40 of 3rd period - Shot Misses the Net.
12:54 of 3rd period - Snap shot by Dany Roussin.
12:54 of 3rd period - Stopped by Connor Hellebyuk with a rebound.
12:56 of 3rd period - Snap shot by Colton Sceviour.
12:56 of 3rd period - Shot Misses the Net.
12:58 of 3rd period - Slapshot by Colton Sceviour.
12:58 of 3rd period - Stopped by Connor Hellebyuk without a rebound.
12:59 of 3rd period - Trevor Lewis wins face-off versus Melker Karlsson in Mustangs zone.
13:43 of 3rd period - Max Gortz is hit by Zach Stepan and loses puck.
14:04 of 3rd period - Minor Penalty to Emil Johansson for High sticking.
14:05 of 3rd period - William Karlsson wins face-off versus Melker Karlsson in Thunder zone.
14:16 of 3rd period - Roman Josi is hit by Melker Karlsson.
14:36 of 3rd period - Wrist shot by Josh Jooris.
14:36 of 3rd period - Shot Misses the Net.
16:04 of 3rd period - Penalty to Emil Johansson is over, Emil Johansson is back on ice.
16:07 of 3rd period - Snap shot by William Karlsson.
16:07 of 3rd period - Shot Misses the Net.
16:09 of 3rd period - Slapshot by William Karlsson.
16:09 of 3rd period - Shot Misses the Net.
16:11 of 3rd period - Wrist shot by William Karlsson.
16:11 of 3rd period - Stopped by Connor Hellebyuk with a rebound.
16:13 of 3rd period - Snap shot by Dany Roussin.
16:13 of 3rd period - Shot Misses the Net.
16:15 of 3rd period - Snap shot by William Karlsson.
16:15 of 3rd period - Goal by William Karlsson - Thunder : 6 - Mustangs : 3.
16:16 of 3rd period - Denis Malgin wins face-off versus Trevor Lewis in neutral zone.
16:25 of 3rd period - Wrist shot by Mike Hoffman.
16:25 of 3rd period - Goal by Mike Hoffman - Thunder : 7 - Mustangs : 3.
16:26 of 3rd period - Melker Karlsson wins face-off versus William Karlsson in neutral zone.
16:52 of 3rd period - Roman Josi is hit by Henrik Samuelsson and loses puck.
17:44 of 3rd period - Slapshot by Anthony Beauvillier.
17:44 of 3rd period - Shot Misses the Net.
18:23 of 3rd period - Gianluca Curcuruto is hit by Josh Jooris and loses puck.
19:16 of 3rd period - Snap shot by Jamie McGinn.
19:16 of 3rd period - Stopped by Connor Hellebyuk with a rebound.
19:18 of 3rd period - Wrist shot by Ryan Graves.
19:18 of 3rd period - Stopped by Connor Hellebyuk with a rebound.
Goals for this period are 5 for Thunder vs 2 for Mustangs.
Shots for this period are 16 for Thunder vs 17 for Mustangs.